 Dungeon Crawl Stone Soup version 0.31-a0-988-g08d55da (webtiles) character file.

Game seed: 15029251364234304497

2220580 Unit the Wrestler (level 22, 208/208 HPs)
             Began as an Armataur Fighter on Nov 5, 2023.
             Was an Initiate of Gozag.
             Escaped with the Orb
             ... and 3 runes!
             The game lasted 01:05:44 (37249 turns).

Unit the Wrestler (Armataur Fighter)               Turns: 37249, Time: 01:05:44

Health: 208/208    AC: 44    Str: 40    XL:     22   Next: 88%
Magic:  22/22      EV:  5    Int:  6    God:    Gozag
Gold:   1624       SH: 17    Dex:  9    Spells: 21/21 levels left

rFire   + +          .
                       - Unarmed
rCold   + + +        J - +5 kite shield
rNeg    + + .        d - +9 plate armour of Blue the Leaf {Regen+ Stlth+}
rPois   +            (helmet restricted)
rElec   +            N - +2 cloak
rCorr   .            I - +3 pair of gloves of Happiness {rF+ Str+5}
SInv    +            i - +4 barding {rC+}
Will    +++..        T - amulet "Feqier" {rElec rN+ Regen+ Str+2 Stlth+} Stlth
                     P - ring "Lengor" {+Blink Will+ SInv}
HPRegen 2.14/turn    e - ring "Nuaghemm" {rPois rC++ rN+ Str+2 Int-5 SInv}
MPRegen 0.18/turn

%: roll
@: studying 2 skills
A: large, rugged brown scales 3, deformed body, armoured tail, roll, long
tongue, awkward tongue, beak, hooves 1, fire resistance 1, frail 1,
strong-willed 1, electricity resistance, wild magic 1
0: Orb of Zot
}: 3/15 runes: decaying, serpentine, silver
a: Renounce Religion, Evoke Blink, Potion Petition, Call Merchant, Bribe Branch


You escaped.
You worshipped Gozag.
Gozag was most pleased with you.
You visited 10 branches of the dungeon, and saw 48 of its levels.
You also visited: Trove, Ossuary and Ice Cave.

You collected 22278 gold pieces.
You spent 5394 gold pieces at shops.
You paid 15260 gold pieces to Gozag.

Inventory:

Missiles
 b - 5 throwing nets
 g - 40 poisoned darts
 C - 3 curare-tipped darts
Armour
 d - the +9 plate armour of Blue the Leaf (worn) {Regen+ Stlth+}
   (You bought it in a shop on level 5 of the Lair of Beasts)

   Regen+:    It increases your rate of health regeneration.
   Stlth+:    It makes you more stealthy.
 i - a +4 barding of cold resistance (worn)
 o - a +2 helmet
 I - the +3 pair of gloves of Happiness (worn) {rF+ Str+5}
   (You bought it in a shop on level 2 of the Orcish Mines)

   Str+5:     It affects your strength (+5).
   rF+:       It protects you from fire.
 J - a +5 kite shield (worn)
 N - a +2 cloak (worn)
Jewellery
 e - the ring "Nuaghemm" (right hand) {rPois rC++ rN+ Str+2 Int-5 SInv}
   (You bought it in a shop on level 1 of the Vaults)

   [ring of poison resistance]

   Str+2:     It affects your strength (+2).
   Int-5:     It affects your intelligence (-5).
   rC++:      It greatly protects you from cold.
   rPois:     It protects you from poison rN+: It protects you from negative
   energy.
   SInv:      It lets you see invisible.
 s - a ring of protection from fire
 P - the ring "Lengor" (left hand) {+Blink Will+ SInv}
   (You found it in a treasure trove)

   [ring of willpower]

   Will+:     It increases your willpower.
   SInv:      It lets you see invisible.
   +Blink:    It lets you blink.
 Q - the ring "Zoetar" {rPois Str+5 Dex-2 Slay+4 SInv}
   (You found it on level 3 of the Elven Halls)

   [ring of slaying]

   Str+5:     It affects your strength (+5).
   Dex-2:     It affects your dexterity (-2).
   Slay+4:    It affects your accuracy & damage with ranged weapons and melee
   (+4).
   rPois:     It protects you from poison SInv: It lets you see invisible.
 T - the amulet "Feqier" (around neck) {rElec rN+ Regen+ Str+2 Stlth+}
   (You found it on level 3 of the Elven Halls)

   [amulet of regeneration]

   Str+2:     It affects your strength (+2).
   rElec:     It insulates you from electricity.
   rN+:       It protects you from negative energy.
   Regen+:    It increases your rate of health regeneration.
   Stlth+:    It makes you more stealthy.
 V - the ring "Desche" {*Slow rPois rC+ rN+++ Stlth+}
   (You found it in a treasure trove)

   [ring of protection from cold]

   rC+:       It protects you from cold.
   rPois:     It protects you from poison rN+++: It renders you almost immune to
   negative energy.
   *Slow:     It may slow you when you take damage.
   Stlth+:    It makes you more stealthy.
 Z - the ring "Ivesuk" {rC- rN+ Will+ MP+9}
   (You found it in a treasure trove)

   [ring of magical power]

   rC-:       It makes you vulnerable to cold.
   rN+:       It protects you from negative energy.
   Will+:     It increases your willpower.
   MP+9:      It affects your magic capacity (+9).
Wands
 A - a wand of roots (58)
 L - a wand of digging (9)
 R - a wand of polymorph (16)
 U - a wand of mindburst (14)
Scrolls
 f - 2 scrolls of poison
 j - 13 scrolls of teleportation
 l - 2 scrolls of torment
 n - a scroll of revelation
 q - 8 scrolls of noise
 t - 4 scrolls of fear
 u - a scroll of summoning
 y - 4 scrolls of vulnerability
 B - 4 scrolls of immolation
 F - 2 scrolls of silence
 H - a scroll of enchant armour
 W - 2 scrolls of fog
 Y - 5 scrolls of enchant weapon
Potions
 a - 11 potions of mutation
 c - 7 potions of heal wounds
 k - 5 potions of might
 p - 5 potions of haste
 r - 2 potions of cancellation
 v - 5 potions of invisibility
 w - 7 potions of berserk rage
 x - 5 potions of ambrosia
 z - 14 potions of curing
 D - 6 potions of enlightenment
 E - 2 potions of resistance
 G - 4 potions of magic
 O - 2 potions of attraction
 S - 2 potions of lignification
Miscellaneous
 h - a lightning rod (4/4)
 m - a tin of tremorstones (2/2)
 K - a sack of spiders
 X - a phantom mirror


   Skills:
 + Level 22.2 Fighting
 - Level 17.1 Armour
 - Level 15.0 Shields
 + Level 25.3 Unarmed Combat


You had 21 spell levels left.
You didn't know any spells.
Your spell library contained the following spells:

 Spells                   Type           Power      Damage    Failure   Level
 Apportation              Tloc           0%         N/A       95%         1
 Freeze                   Ice            0%         1d3       95%         1
 Magic Dart               Conj           0%         1d3       95%         1
 Necrotise                Necr           0%         1d4       95%         1
 Sandblast                Erth           0%         2d4       95%         1
 Sting                    Tmut/Pois      0%         1d3       95%         1
 Summon Small Mammal      Summ           0%         N/A       95%         1
 Blink                    Tloc           0%         N/A       98%         2
 Cigotuvi's Dreadful Rot  Necr/Pois/Air  0%         N/A       98%         2
 Ensorcelled Hibernation  Hex/Ice        0%         N/A       98%         2
 Lesser Beckoning         Tloc           0%         N/A       98%         2
 Momentum Strike          Conj/Tloc      0%         3d8       98%         2
 Passwall                 Tmut/Erth      0%         N/A       98%         2
 Poisonous Vapours        Pois/Air       0%         N/A       98%         2
 Searing Ray              Conj           0%         2d4       98%         2
 Static Discharge         Conj/Air       0%         3-3/arc   98%         2
 Sublimation of Blood     Necr           0%         N/A       98%         2
 Wereblood                Tmut           0%         N/A       98%         2
 Dazzling Flash           Conj/Hex       0%         N/A       100%        3
 Frozen Ramparts          Ice            0%         1d1       100%        3
 Hailstorm                Conj/Ice       0%         3d3       100%        3
 Ignite Poison            Fire/Tmut/Pois 0%         N/A       100%        3
 Inner Flame              Hex/Fire       0%         N/A       100%        3
 Stone Arrow              Conj/Erth      0%         3d7       100%        3
 Summon Guardian Golem    Hex/Summ       0%         N/A       100%        3
 Tukima's Dance           Hex            0%         N/A       100%        3
 Volatile Blastmotes      Fire/Tloc      0%         2d10      100%        3
 Airstrike                Air            0%         2d(0-16)  100%        4
 Anguish                  Hex/Necr       0%         N/A       100%        4
 Animate Armour           Summ/Erth      0%         N/A       100%        4
 Brom's Barrelling Bould  Conj/Erth      0%         2d3       100%        4
 Dimensional Bullseye     Hex/Tloc       0%         N/A       100%        4
 Dispel Undead            Necr           0%         3d6       100%        4
 Fulminant Prism          Conj/Hex       0%         3d5       100%        4
 Iskenderun's Mystic Bla  Conj/Tloc      0%         2d3       100%        4
 Olgreb's Toxic Radiance  Pois           0%         N/A       100%        4
 Passage of Golubria      Tloc           0%         N/A       100%        4
 Petrify                  Tmut/Erth      0%         N/A       100%        4
 Sticky Flame             Conj/Fire      0%         2d3       100%        4
 Summon Lightning Spire   Summ/Air       0%         N/A       100%        4
 Vhi's Electric Charge    Tloc/Air       0%         N/A       100%        4
 Arcjolt                  Conj/Air       0%         1d10      100%        5
 Borgnjor's Vile Clutch   Necr/Erth      0%         N/A       100%        5
 Fireball                 Conj/Fire      0%         3d3       100%        5
 Freezing Cloud           Conj/Ice/Air   0%         6-21      100%        5
 Irradiate                Conj/Tmut      0%         3d11      100%        5
 Iskenderun's Battlesphe  Conj           0%         2d6       100%        5
 Summon Forest            Summ/Tloc      0%         N/A       100%        5
 Summon Mana Viper        Hex/Summ       0%         N/A       100%        5
 Yara's Violent Unravell  Hex/Tmut       0%         3d3       100%        5
 Conjure Ball Lightning   Conj/Air       0%         3x3d6     100%        6
 Plasma Beam              Fire/Air       0%         2x1d10    100%        6
 Starburst                Conj/Fire      0%         6d3       100%        6
 Summon Cactus Giant      Summ           0%         N/A       100%        6
 Enfeeble                 Hex            0%         N/A       100%        7
 Haunt                    Necr/Summ      0%         N/A       100%        7
 Orb of Destruction       Conj           0%         9d5       100%        7
 Spellforged Servitor     Conj/Summ      0%         N/A       100%        7
 Summon Hydra             Summ           0%         N/A       100%        7
 Borgnjor's Revivificati  Necr           0%         N/A       100%        8
 Ignition                 Fire           0%         3d3       100%        8
 Infestation              Necr           0%         N/A       100%        8
 Lehudib's Crystal Spear  Conj/Erth      0%         10d2      100%        8
 Maxwell's Capacitive Co  Air            0%         ∞         100%        8
 Animate Dead             Necr           Unusable   N/A       N/A         4

Dungeon Overview and Level Annotations

Branches:
Dungeon (15/15)            Temple (1/1) D:5            Lair (5/5) D:9
  Swamp (4/4) Lair:2        Snake (4/4) Lair:3        Slime (0/5) Lair:4
    Orc (2/2) D:10            Elf (3/3) Orc:2        Vaults (5/5) D:13
  Crypt (0/3) Vaults:2     Depths (4/4) D:15            Zot (5/5) Depths:4
Ossuary (visited)           IceCv (visited)

Altars:
Ashenzari
Cheibriados
Dithmenos
Elyvilon
Fedhas
Gozag
Hepliaklqana
Kikubaaqudgha
Makhleb
Nemelex Xobeh
Okawaru
Qazlal
Ru
Sif Muna
Trog
Uskayaw
Vehumet
Wu Jian
Xom
Yredelemnul
Zin
The Shining One
Jiyva

Shops:
D:10 !:   D:12 [   Orc:2 [[*!   Elf:1 [[   Lair:5 [   Snake:2 !?   Snake:3 ?
Vaults:1 =   Vaults:2 (

Portals:
Hell: Depths:1 Depths:2
Pandemonium: Depths:2

Annotations:
D:5 2 transporters, ooops's ghost, novice OpCj
D:6 1 runed translucent door, Kave's ghost, novice TrSh
D:11 exclusion: ice statue
Swamp:4 3 runed translucent doors, Dega's ghost, adept SpHu
Snake:4 2 runed translucent doors, Qootor's ghost, journeyman DECj
Elf:2 3 runed translucent doors
Vaults:4 36 runed doors
Depths:2 2 transporters


Innate Abilities, Weirdness & Mutations

You are completely covered in rugged brown scales. (AC +3, +7% HP)
Armour fits poorly on your strangely shaped body.
You have a long armoured tail.
You roll when moving toward enemies. (Rampage)
Your long tongue fully drains potion bottles. (2x potion effects)
Your tongue gives you trouble enunciating. (1.5x scroll delay)
You have a beak for a mouth.
You have large cloven feet.
Your flesh is heat resistant. (rF+)
You are frail. (-10% HP)
You are strong-willed. (Will+)
You are resistant to electric shocks. (rElec)
Your spells are a little harder to cast, but a little more powerful.


Message History

You pummel the reaper!! Your kick misses the reaper.
You peck the reaper, but do no damage. You tail-slap the reaper.
The reaper is severely wounded.
You pummel the reaper!!
You kill the reaper!
You now have 1624 gold pieces (gained 8).
There is an open door here.
You see here a +3 scythe of freezing.
What level of the Dungeon? (default 1, ? - help)
The black bear growls angrily.
Ooops's ghost is distracted by your dazzling golden aura.
The troll is distracted by your dazzling golden aura.
Ooops's ghost is no longer distracted by gold.
The troll is no longer distracted by gold.
There is a stone staircase leading up here.
You climb upwards.
There is a stone staircase leading down here.
There is a stone staircase leading up here.
You climb upwards.
There is a stone staircase leading down here.
You see here a +0 dagger.
Things that are here:
4 stones; a +0 dagger
There is a stone staircase leading up here.
You climb upwards.
There is a stone staircase leading down here.
There is a stone staircase leading up, spattered with blood here.
You climb upwards.
There is a stone staircase leading down here.
Blink to where?
Press: ? - help, Q - select action, (/) - cycle Dir - move target As you slowly read the scroll of blinking, it crumbles to dust.
Blink to where?
Press: ? - help, Q - select action, (/) - cycle Dir - move target As you slowly read the scroll of blinking, it crumbles to dust.
Blink to where?
Press: ? - help, Q - select action, (/) - cycle Dir - move target As you slowly read the scroll of blinking, it crumbles to dust.
There is a staircase leading out of the dungeon here.
You have escaped!

......# #...# #####.#### ......#
#...## #........### ##.#.##
######....####....)....##
#.#§####.......#.......##..##.##
..#...........#.#.........#.#...
####.###......#...#.......###..##
#.# #.#####.....#####...#.####
#.###..#...........#...#.#####
#.##....#....@....#......##...
#....#..#.........#..#.#.#.#..
##..#..#...........#...#.#..#.
#....#####.....#####....#...#
#####..#......#.(.#......##.##...
>..........#...#.#...######.##.†.
#####........#..#.......# #.#...#
#................##.# ###..#.
#........#..####.##.# #.#..


There were no monsters in sight!

Vanquished Creatures
  An ancient lich (Vaults:5)
  An orb of fire (Zot:4)
  Sojobo (Vaults:4)
  A caustic shrike (Depths:2)
  A curse toe (Zot:5)
  Nikola (Depths:2)
  2 golden dragons (Zot:5)
  An electric golem (Zot:5)
  2 tentacled monstrosities
  An Ice Fiend (D:13)
  Asterion (Vaults:1)
  4 Orb Guardians (Zot:5)
  4 liches
  2 deep elf blademasters
  A quicksilver dragon (Depths:4)
  A deep elf master archer (Elf:3)
  8 titans
  2 sphinxes (Vaults:4)
  A death cob (Zot:1)
  The ghost of Mocouc the Peltast, an adept FoHs of Hepliaklqana (Swamp:2)
  4 shadow dragons
  4 storm dragons
  15 nagarajas
  5 tengu reavers
  Agnes (Elf:2)
  4 thorn hunters
  2 draconian knights
  2 draconian monks
  4 fire giants
  Roxanne (Elf:2)
  11 vault wardens
  3 deep elf sorcerers
  2 draconian scorchers
  5 frost giants
  A deep elf elementalist (Elf:3)
  A draconian stormcaller (Zot:1)
  A draconian shifter (Zot:5)
  2 very ugly things
  12 ironbound preservers
  7 formless jellyfish
  2 war gargoyles
  5 stone giants
  A reaper (D:5)
  5 deep elf demonologists
  3 green draconians
  3 vampire knights (Depths:2)
  4 eleionomae
  2 bunyips (Swamp:4)
  11 ironbound thunderhulks
  2 black draconians
  3 deep elf annihilators
  3 white draconians
  10 dire elephants
  2 yellow draconians (Depths:4)
  2 purple draconians
  2 red draconians
  A bunyip (shapeshifter) (Depths:2)
  4 deep elf death magi
  An entropy weaver (Vaults:4)
  5 ettins
  A fire dragon (Depths:4)
  A crystal guardian (Vaults:1)
  3 great orbs of eyes
  3 deep elf high priests
  A fire dragon (shapeshifter) (Vaults:5)
  Erolcha (Orc:2)
  A shambling mangrove (Swamp:2)
  6 ice dragons
  2 peacekeepers
  2 rakshasas (Depths:2)
  2 spriggan air magi (Depths:2)
  11 yaktaur captains
  5 vault guards
  18 hydras
  6 anacondas
  A salamander tyrant (Snake:3)
  5 alligators
  An ogre mage (Vaults:5)
  3 centaur warriors
  11 ironbound frosthearts
  A ghost crab (Swamp:1)
  4 two-headed ogres
  2 death knights (Vaults:2)
  2 catoblepae (Lair:3)
  16 naga warriors
  3 boulder beetles
  6 death yaks
  8 dancing weapons
  4 deep troll earth magi
  5 deep troll shamans
  A vampire mage (Depths:2)
  3 tengu warriors
  2 spriggan berserkers
  11 naga sharpshooters
  4 shock serpents
  10 deep elf knights
  4 iron trolls
  A hell knight (Depths:2)
  4 skeletal warriors (Depths:2)
  7 salamander mystics
  5 goliath frogs
  2 skysharks
  2 sixfirhies (Depths:1)
  A spectral spark wasp (Depths:4)
  2 glowing orange brains
  14 bog bodies
  5 spriggan druids
  Pikel (D:4)
  5 naga ritualists
  46 deep trolls
  9 swamp dragons
  8 deep elf archers
  16 ironbound convokers
  4 arcanists
  2 necromancers
  21 deep elf pyromancers
  3 phantasmal warriors
  3 orc knights
  14 deep elf zephyrmancers
  An oklob plant (Lair:2)
  16 ugly things
  7 lindwurms
  22 salamanders
  5 mana vipers
  8 orc sorcerers
  4 cyclopes
  5 harpies (Vaults:1)
  A fire giant zombie (Vaults:2)
  4 will-o-the-wisps
  4 moths of wrath
  5 manticores
  16 vault sentinels
  A human skeleton (Vaults:2)
  5 guardian serpents
  3 ice statues (IceCv)
  20 elephants
  19 naga magi
  31 black mambas
  2 water nymphs (Swamp:4)
  A gargoyle (D:10)
  21 cane toads
  A freezing wraith (Vaults:2)
  24 yaktaurs
  5 rime drakes
  11 komodo dragons
  2 unseen horrors
  4 tengu conjurers
  An efreet (D:13)
  An anaconda simulacrum (IceCv)
  Maggie (D:10)
  A red devil (D:11)
  5 trolls
  A merfolk (D:10)
  A polar bear (Lair:3)
  A troll (shapeshifter) (D:9)
  6 tyrant leeches
  6 meliai
  A wolf spider simulacrum (D:14)
  A polar bear (shapeshifter) (D:13)
  Prince Ribbit (D:6)
  3 glass eyes (Depths:2)
  2 hornets
  An elf zombie (Vaults:2)
  24 blink frogs
  18 slime creatures
  A slime creature (shapeshifter) (Vaults:5)
  A dire elephant simulacrum (IceCv)
  2 shadows
  A spriggan (shapeshifter) (D:13)
  7 water elementals
  2 spriggans
  7 wraiths
  6 wyverns
  6 fire elementals
  Eustachio (D:6)
  A redback (Vaults:4)
  22 vampire mosquitoes
  2 steam dragons
  3 basilisks
  19 yaks
  12 swamp worms
  15 wargs
  Menkaure (D:6)
  42 nagas
  A naga (shapeshifter) (D:15)
  2 glowing shapeshifter zombies
  14 water moccasins
  17 orc warriors
  A black bear (D:4)
  An ice beast (D:7)
  12 swamp drakes
  4 ogres
  2 boggarts
  10 wolves (Lair:4)
  5 centaurs
  A lemure (D:4)
  2 phantoms (D:6)
  A kobold brigand (D:9)
  2 human zombies (Vaults:4)
  13 bullfrogs
  2 gnoll sergeants (D:10)
  3 wights (D:9)
  A glowing shapeshifter simulacrum (Vaults:2)
  3 elephant simulacra (IceCv)
  4 howler monkeys
  An electric eel (Lair:2)
  A hound (D:4)
  3 sleepcaps
  10 orc priests
  An iguana (D:7)
  43 orc wizards
  A wolf simulacrum (IceCv)
  2 polar bear simulacra (IceCv)
  A killer bee simulacrum (D:9)
  4 mummies (Ossuary)
  13 gnolls (D:10)
  10 adders
  A shadow imp (D:5)
  13 white imps
  A howler monkey simulacrum (D:9)
  2 worms
  2 dart slugs
  73 orcs
  4 endoplasms (D:1)
  3 giant cockroaches
  9 goblins
  4 hobgoblins
  3 jackals (D:3)
  6 quokkas
  12 ball pythons
  6 bats
  A frilled lizard (D:2)
  5 gnoll skeletons (Ossuary)
  6 gnoll zombies (Ossuary)
  4 goblin skeletons (Ossuary)
  4 goblin zombies (Ossuary)
  A hobgoblin skeleton (Ossuary)
  4 hobgoblin zombies (Ossuary)
  17 kobolds
  8 kobold skeletons (Ossuary)
  4 kobold zombies (Ossuary)
  2 orc skeletons (Ossuary)
  3 orc zombies (Ossuary)
  5 rats
  5 rat skeletons (Ossuary)
  4 rat zombies (Ossuary)
1417 creatures vanquished.

Vanquished Creatures (collateral kills)
  An ancient lich (Vaults:5)
  the Lernaean hydra (Swamp:4)
  An iron giant (shapeshifter) (Vaults:5)
  The ghost of Unit the Wrestler, an adept AtFi of Gozag (Swamp:2)
  A lich (Vaults:5)
  A deep elf blademaster (Elf:3)
  9 Orb Guardians (Zot:5)
  A titan (Vaults:5)
  A shadow dragon (Vaults:5)
  Aizul (Snake:4)
  2 nagarajas (Snake:4)
  A tengu reaver (Vaults:5)
  A deep elf sorcerer (Elf:3)
  An ironbound preserver (Vaults:5)
  2 dire elephants (shapeshifter) (Vaults:5)
  A deep elf annihilator (Vaults:5)
  2 yaktaur captains (Vaults:5)
  5 vault guards (Vaults:5)
  A hydra (Swamp:4)
  A naga warrior (Snake:4)
  A naga sharpshooter (Snake:4)
  A necromancer (Vaults:5)
  A phantasmal warrior (Vaults:5)
  A salamander (Snake:4)
  A moth of wrath (Zot:5)
  A moth of wrath (shapeshifter) (Vaults:5)
  A vault sentinel (Vaults:5)
  A yaktaur (Vaults:5)
43 creatures vanquished.

Vanquished Creatures (others)
  A dread lich (Vaults:5)
  3 orbs of fire (Zot:5)
  An ancient lich (Zot:5)
  3 Killer Klowns (Zot:5)
  3 tentacled monstrosities
  8 Orb Guardians (Zot:5)
  A quicksilver dragon (Zot:5)
  A titan (Vaults:5)
  A deep elf master archer (Elf:3)
  3 tengu reavers (Vaults:5)
  A shadow dragon (Vaults:5)
  2 deep elf sorcerers (Elf:3)
  2 frost giants (Vaults:5)
  A vault warden (Vaults:5)
  A deep elf elementalist (Elf:3)
  A stone giant (Vaults:5)
  2 ironbound preservers (Vaults:5)
  A war gargoyle (Vaults:5)
  2 very ugly things (Vaults:5)
  2 deep elf demonologists (Elf:3)
  A red draconian (Zot:5)
  3 deep elf annihilators (Elf:3)
  2 deep elf high priests (Elf:3)
  A deep elf death mage (Elf:3)
  18 vault guards
  A deep elf knight (Elf:2)
  2 deep elf zephyrmancers
  2 phantasmal warriors (Vaults:5)
  A deep elf pyromancer (Elf:1)
  An ugly thing (Vaults:5)
  3 vault sentinels (Vaults:5)
  2 freezing wraiths (Vaults:5)
  3 yaktaurs (Vaults:5)
  A bloated husk (Swamp:4)
  A glass eye (Depths:2)
  2 water elementals
  A fire elemental (Elf:3)
  2 orc wizards
  2 orcs (Orc:2)
  8 foxfires
97 creatures vanquished.

Grand Total: 1557 creatures vanquished

Notes
Turn   | Place    | Note
-------+----------+-------------------------------------------
     0 | D:1      | Unit the Armataur Fighter began the quest for the Orb.
     0 | D:1      | Reached XP level 1. HP: 19/19 MP: 1/1
   174 | D:1      | Reached skill level 2 in Unarmed Combat
   242 | D:1      | Reached XP level 2. HP: 26/26 MP: 2/2
   477 | D:1      | Reached XP level 3. HP: 33/33 MP: 3/3
   814 | D:2      | You fall into a shaft and drop 2 floors!
   888 | D:3      | Reached XP level 4. HP: 40/40 MP: 4/4
   910 | D:3      | Reached skill level 3 in Unarmed Combat
  1712 | D:3      | Reached XP level 5. HP: 32/49 MP: 5/5
  2080 | D:4      | Found the +1 Delatra's gloves {ID++}
  2243 | D:4      | Noticed an ogre
  2251 | D:4      | Killed an ogre
  2252 | D:4      | Reached skill level 4 in Unarmed Combat
  2252 | D:4      | Reached XP level 6. HP: 56/56 MP: 6/6
  2467 | D:4      | Noticed Pikel
  2491 | D:4      | Killed Pikel
  2492 | D:4      | Reached skill level 5 in Unarmed Combat
  2492 | D:4      | Reached XP level 7. HP: 53/67 MP: 7/7
  2826 | D:4      | Found a snail-covered altar of Cheibriados.
  2868 | D:5      | Entered Level 5 of the Dungeon
  2890 | D:5      | Noticed a troll
  2891 | D:5      | Noticed ooops's ghost (novice OpCj)
  2903 | D:5      | Found a transporter.
  2982 | D:5      | Reached skill level 6 in Unarmed Combat
  2982 | D:5      | Reached XP level 8. HP: 49/75 MP: 8/8
  3276 | D:5      | Found a staircase to the Ecumenical Temple.
  3305 | Temple   | Entered the Ecumenical Temple
  3390 | D:5      | Found a transporter.
  3918 | D:6      | Found a runed translucent door.
  3919 | D:6      | Noticed Kave's ghost (novice TrSh)
  4107 | D:6      | Noticed Menkaure
  4108 | D:6      | Noticed Prince Ribbit
  4113 | D:6      | Noticed Eustachio
  4118 | D:6      | Killed Menkaure
  4119 | D:6      | Killed Eustachio
  4124 | D:6      | Killed Prince Ribbit
  4348 | D:6      | Reached skill level 7 in Unarmed Combat
  4849 | D:7      | Found a blossoming altar of Fedhas.
  4949 | D:7      | Reached XP level 9. HP: 54/86 MP: 9/9
  5256 | D:7      | Reached skill level 8 in Unarmed Combat
  5538 | D:8      | Found a sand-covered staircase.
  5547 | Ossuary  | Entered an ossuary
  6049 | D:8      | Noticed a two-headed ogre
  6050 | D:8      | Noticed a two-headed ogre
  6084 | D:8      | Identified a scroll of acquirement
  6089 | D:8      | Acquired a +2 barding of cold resistance
  6124 | D:8      | Found a broken altar of Ashenzari.
  6124 | D:8      | Found a shimmering blue altar of Sif Muna.
  6124 | D:8      | Found a burning altar of Makhleb.
  6132 | D:8      | Found a radiant altar of Vehumet.
  6134 | D:8      | Found a basalt altar of Yredelemnul.
  6135 | D:8      | Found a shimmering altar of Xom.
  6138 | D:8      | Found an opulent altar of Gozag.
  6141 | D:8      | Found a glowing silver altar of Zin.
  6142 | D:8      | Found a sacrificial altar of Ru.
  6144 | D:8      | Became a worshipper of Gozag Ym Sagoz the Greedy
  6298 | D:8      | Killed a two-headed ogre
  6299 | D:8      | Reached skill level 9 in Unarmed Combat
  6547 | D:8      | Killed a two-headed ogre
  6881 | D:9      | Reached XP level 10. HP: 93/98 MP: 10/10
  7038 | D:9      | Found a staircase to the Lair.
  7058 | D:9      | Reached skill level 10 in Fighting
  7210 | D:9      | Found a hide-covered altar of Uskayaw.
  7210 | D:9      | Found a white marble altar of Elyvilon.
  7222 | D:9      | Reached skill level 10 in Unarmed Combat
  7407 | D:9      | Noticed a two-headed ogre
  7421 | D:9      | Killed a two-headed ogre
  8179 | D:9      | Noticed a manticore
  8179 | D:9      | Noticed an orc knight
  8180 | D:9      | Found a runed translucent door.
  8181 | D:9      | Noticed a centaur warrior
  8182 | D:9      | Noticed a cyclops
  8182 | D:9      | Identified the +4 quarterstaff of Okawaru's Favour {freeze,
                  | rElec Stlth+}
  8184 | D:9      | Gained mutation: You are agile. (Dex +4, Str/Int -1)
                  | [potion of mutation]
  8184 | D:9      | Gained mutation: You occasionally lose the ability to read
                  | scrolls when taking damage. [potion of mutation]
  8184 | D:9      | Gained mutation: Your natural rate of healing is unusually
                  | fast. [potion of mutation]
  8184 | D:9      | Gained mutation: You expend magic power (3 MP) to
                  | strengthen your wands. [potion of mutation]
  8184 | D:9      | Gained mutation: You are strong-willed. (Will+) [potion of
                  | mutation]
  8185 | D:9      | Lost mutation: You expend magic power (3 MP) to strengthen
                  | your wands. [potion of mutation]
  8185 | D:9      | Lost mutation: You are strong-willed. (Will+) [potion of
                  | mutation]
  8185 | D:9      | Lost mutation: You are agile. (Dex +4, Str/Int -1) [potion
                  | of mutation]
  8185 | D:9      | Lost mutation: You occasionally lose the ability to read
                  | scrolls when taking damage. [potion of mutation]
  8185 | D:9      | Gained mutation: Your flesh is heat resistant. (rF+)
                  | [potion of mutation]
  8185 | D:9      | Gained mutation: You have hidden genetic potential. [potion
                  | of mutation]
  8185 | D:9      | Lost mutation: Your natural rate of healing is unusually
                  | fast. [potion of mutation]
  8185 | D:9      | Gained mutation: Your spells are a little harder to cast,
                  | but a little more powerful. [potion of mutation]
  8185 | D:9      | Gained mutation: You have large cloven feet. [potion of
                  | mutation]
  8185 | D:9      | Gained mutation: You have a beak for a mouth. [potion of
                  | mutation]
  8195 | D:9      | Killed an orc knight
  8199 | D:9      | Killed a centaur warrior
  8200 | D:9      | Reached skill level 11 in Unarmed Combat
  8206 | D:9      | Killed a cyclops
  8207 | D:9      | Reached XP level 11. HP: 109/109 MP: 11/11
  8264 | D:9      | Identified the +6 scale mail of Beogh's Wrath {Rampage
                  | rPois rC+++}
  8609 | D:10     | Entered Level 10 of the Dungeon
  8897 | D:10     | Found a staircase to the Orcish Mines.
  8906 | D:10     | Bought a potion of curing for 42 gold pieces
  8906 | D:10     | Bought a potion of invisibility for 112 gold pieces
  8921 | D:10     | Identified the +6 chain mail "Dofaasudi" {Harm rPois Int-4
                  | Dex+6}
  9127 | D:10     | Noticed Maggie
  9135 | D:10     | Killed Maggie
  9656 | D:10     | Found Voomn's Tiny Tomes.
  9733 | D:10     | Gained mutation: You are strong-willed. (Will+) [hidden
                  | potential]
  9813 | D:10     | Found an ornate altar of the Wu Jian Council.
 10021 | D:11     | Found a shadowy altar of Dithmenos.
 10291 | D:11     | Reached skill level 12 in Unarmed Combat
 10299 | D:11     | Reached skill level 5 in Armour
 11124 | D:12     | Found a portal to a secret trove of treasure.
 11126 | D:12     | Acquired 888 gold pieces
 11268 | D:12     | Noticed a boulder beetle
 11288 | D:12     | Killed a boulder beetle
 11412 | D:12     | Found Dosecw's Antique Armour Shoppe.
 11421 | D:12     | Bought a pair of runed gloves for 255 gold pieces
 11680 | D:13     | Noticed a tengu warrior
 11688 | D:13     | Killed a tengu warrior
 11994 | D:13     | Noticed a phantasmal warrior
 11998 | D:13     | Noticed a deep troll
 12006 | D:13     | Killed a phantasmal warrior
 12007 | D:13     | Reached skill level 13 in Unarmed Combat
 12007 | D:13     | Reached XP level 12. HP: 59/118 MP: 12/12
 12214 | D:13     | Found a gate to the Vaults.
 12726 | D:13     | Gained mutation: You are resistant to electric shocks.
                  | (rElec) [hidden potential]
 12726 | D:13     | Lost mutation: You have hidden genetic potential. [hidden
                  | potential expressed]
 12975 | D:13     | Bought a scroll of identify for 28 gold pieces
 12975 | D:13     | Bought a scroll of fog for 56 gold pieces
 12975 | D:13     | Bought a scroll of immolation for 56 gold pieces
 12975 | D:13     | Bought a scroll of identify for 28 gold pieces
 12975 | D:13     | Bought a scroll of blinking for 105 gold pieces
 12975 | D:13     | Bought a scroll of fear for 56 gold pieces
 12975 | D:13     | Bought a scroll of revelation for 105 gold pieces
 12975 | D:13     | Bought a scroll of identify for 28 gold pieces
 12975 | D:13     | Bought a scroll of blinking for 105 gold pieces
 13033 | D:12     | You paid a toll of 5 scrolls of fog to enter a treasure
                  | trove
 13034 | Trove    | Entered a treasure trove
 13040 | Trove    | Identified the ring "Lengor" {+Blink Will+ SInv}
 13046 | Trove    | Identified the ring "Got Gapt" {Ice rPois Int+6 Dex-5}
 13048 | Trove    | Identified the amulet "Ydwul" {Will+ Regen+}
 13052 | Trove    | Identified the ring "Desche" {*Slow rPois rC+ rN+++ Stlth+}
 13060 | Trove    | Identified the ring "Ivesuk" {rC- rN+ Will+ MP+9}
 13216 | Orc:1    | Entered Level 1 of the Orcish Mines
 13233 | Orc:1    | Reached skill level 14 in Unarmed Combat
 13827 | Orc:2    | Entered Level 2 of the Orcish Mines
 13978 | Orc:2    | Found a staircase to the Elven Halls.
 14094 | Orc:2    | Reached skill level 5 in Shields
 14205 | Orc:2    | Found Tinodowu's Assorted Antiques.
 14229 | Orc:2    | Bought a scroll of identify for 52 gold pieces
 14229 | Orc:2    | Bought a scroll labelled COCEBRA RUPIGU for 26 gold pieces
 14237 | Orc:2    | Found Gook's Distillery.
 14237 | Orc:2    | Noticed Erolcha
 14272 | Orc:2    | Killed Erolcha
 14273 | Orc:2    | Reached skill level 15 in Unarmed Combat
 14280 | Orc:2    | Bought 2 potions of invisibility for 256 gold pieces
 14280 | Orc:2    | Bought a potion of might for 64 gold pieces
 14280 | Orc:2    | Bought a potion of invisibility for 128 gold pieces
 14280 | Orc:2    | Bought a potion of curing for 48 gold pieces
 14280 | Orc:2    | Bought a potion of curing for 48 gold pieces
 14280 | Orc:2    | Bought a potion of heal wounds for 80 gold pieces
 14280 | Orc:2    | Bought a potion of cancellation for 128 gold pieces
 14309 | Orc:2    | Found a radiant altar of Vehumet.
 14547 | Orc:2    | Found Vupham's Armour Emporium.
 14575 | Orc:2    | Bought the +3 pair of gloves of Happiness {rF+ Str+5} for
                  | 748 gold pieces
 14590 | Orc:2    | Found Qilecwip's Antique Armour Shop.
 14727 | Lair:1   | Entered Level 1 of the Lair of Beasts
 14727 | Lair:1   | Found a frozen archway.
 14788 | IceCv    | Entered an ice cave
 14873 | IceCv    | Reached XP level 13. HP: 109/125 MP: 13/13
 15030 | Lair:1   | Found a snail-covered altar of Cheibriados.
 15925 | Lair:2   | Found a staircase to the Swamp.
 15950 | Lair:2   | Reached skill level 16 in Unarmed Combat
 16035 | Lair:2   | Found a stormy altar of Qazlal.
 16285 | Lair:2   | Reached skill level 10 in Shields
 16367 | Lair:3   | Identified the +5 long sword of Ihaeted {antimagic, Will+}
 16681 | Lair:3   | Found a staircase to the Snake Pit.
 16910 | Lair:3   | Found an ornate altar of the Wu Jian Council.
 16910 | Lair:3   | Found a hide-covered altar of Uskayaw.
 16931 | Lair:3   | Reached skill level 17 in Unarmed Combat
 17013 | Lair:3   | Reached XP level 14. HP: 139/139 MP: 14/14
 17013 | Lair:3   | Reached XP level 15. HP: 146/146 MP: 15/15
 17252 | Lair:4   | Reached XP level 16. HP: 129/155 MP: 16/16
 17310 | Lair:4   | Found a glowing silver altar of Zin.
 17527 | Lair:4   | Found a staircase to the Slime Pits.
 17533 | Lair:4   | Found a viscous altar of Jiyva.
 17853 | Lair:4   | Reached skill level 18 in Unarmed Combat
 18044 | Lair:5   | Entered Level 5 of the Lair of Beasts
 18053 | Lair:5   | Bought the +9 plate armour of Blue the Leaf {Regen+ Stlth+}
                  | for 1244 gold pieces
 18322 | Lair:5   | Found the +7 mace of Variability {chaos, chaos arc}
 19038 | Snake:1  | Entered Level 1 of the Snake Pit
 20172 | Snake:2  | Found Ziucuol's Distillery.
 20184 | Snake:2  | Reached skill level 10 in Armour
 20227 | Snake:2  | Bought a potion of curing for 36 gold pieces
 20538 | Snake:2  | Reached XP level 17. HP: 75/161 MP: 17/17
 20717 | Snake:2  | Acquired 1134 gold pieces
 20722 | Snake:2  | Bought a scroll of revelation for 97 gold pieces
 20722 | Snake:2  | Bought a scroll of summoning for 123 gold pieces
 20722 | Snake:2  | Bought a scroll of teleportation for 39 gold pieces
 20722 | Snake:2  | Bought a scroll of enchant armour for 97 gold pieces
 20722 | Snake:2  | Bought a scroll of fog for 52 gold pieces
 21556 | Snake:3  | Found Sur Qyl's Magic Scroll Shoppe.
 21567 | Snake:3  | Bought a scroll of teleportation for 36 gold pieces
 21567 | Snake:3  | Bought a scroll of enchant armour for 90 gold pieces
 21567 | Snake:3  | Bought a scroll of revelation for 90 gold pieces
 21567 | Snake:3  | Bought 2 scrolls of immolation for 96 gold pieces
 21567 | Snake:3  | Bought a scroll of poison for 48 gold pieces
 21703 | Snake:3  | Found an iron altar of Okawaru.
 21819 | Snake:4  | Entered Level 4 of the Snake Pit
 22538 | Snake:4  | Identified the serpent talisman of Curiosity {rF+}
 22538 | Snake:4  | Noticed Aizul
 22542 | Snake:4  | Killed Aizul
 22556 | Snake:4  | Reached skill level 15 in Shields
 22574 | Snake:4  | Reached skill level 15 in Armour
 22848 | Snake:4  | Got a serpentine rune of Zot
 23016 | Snake:4  | Reached XP level 18. HP: 159/170 MP: 18/18
 23081 | Snake:4  | Found a large runed translucent door.
 23081 | Snake:4  | Found a large runed translucent door.
 23086 | Snake:4  | Noticed Qootor's ghost (journeyman DECj)
 23491 | Swamp:1  | Entered Level 1 of the Swamp
 23764 | Swamp:1  | Reached skill level 19 in Unarmed Combat
 23830 | Swamp:1  | Identified the +9 falchion "Huetint" {vamp, rC+ Int+2
                  | Dex-3}
 23947 | Swamp:2  | Noticed Mocouc's ghost (adept FoHs)
 23947 | Swamp:2  | Found a runed translucent gate.
 23947 | Swamp:2  | Found a runed translucent gate.
 23947 | Swamp:2  | Found a runed translucent gate.
 23949 | Swamp:2  | Noticed Unit's ghost (adept AtFi)
 23979 | Swamp:2  | Killed Mocouc's ghost
 23990 | Swamp:2  | Killed Unit's ghost
 24166 | Swamp:2  | You fall into a shaft and drop 1 floor!
 25083 | Swamp:4  | Entered Level 4 of the Swamp
 25173 | Swamp:4  | Identified the ring of Bodily Harmony {Str+6 Int+2}
 25290 | Swamp:4  | Found a runed translucent gate.
 25295 | Swamp:4  | Found a runed translucent gate.
 25295 | Swamp:4  | Found a runed translucent gate.
 25295 | Swamp:4  | Noticed Dega's ghost (adept SpHu)
 25440 | Swamp:4  | Reached skill level 15 in Fighting
 25895 | Swamp:4  | Noticed the 27-headed Lernaean hydra
 25898 | Swamp:4  | Killed the 27-headed Lernaean hydra
 25899 | Swamp:4  | Reached skill level 20 in Unarmed Combat
 25905 | Swamp:4  | Got a decaying rune of Zot
 26181 | Crypt:1  | Identified the of Yruycytt
 26181 | Crypt:3  | Identified the of Sujah
 26181 | Crypt:3  | Identified the of Ifup
 26181 | Depths:4 | Identified the "Ofyidawk"
 26181 | Elf:1    | Identified the "Xycla"
 26181 | Elf:1    | Entered Level 1 of the Elven Halls
 26350 | Elf:1    | Found Optudew's Armour Emporium.
 26355 | Elf:1    | Found Plog's Armour Shoppe.
 26555 | Elf:2    | Reached XP level 19. HP: 184/184 MP: 19/19
 26843 | Elf:2    | Found a runed translucent gate.
 26843 | Elf:2    | Found a runed translucent gate.
 26843 | Elf:2    | Found a runed translucent gate.
 26936 | Elf:2    | Noticed Agnes
 26949 | Elf:2    | Killed Agnes
 27059 | Elf:2    | Noticed Roxanne
 27077 | Elf:2    | Killed Roxanne
 27247 | Elf:3    | Identified the "Gara"
 27247 | Elf:3    | Entered Level 3 of the Elven Halls
 27375 | Elf:3    | Identified the +5 long sword of Dishonour {pain, *Slow
                  | Str+3 Dex+4}
 27393 | Elf:3    | Identified the amulet "Feqier" {rElec rN+ Regen+ Str+2
                  | Stlth+}
 27464 | Elf:3    | Identified the +1 hand axe of War {flame, rElec Will+ Dex+3
                  | SInv}
 27480 | Elf:3    | Identified the ring "Zoetar" {rPois Str+5 Dex-2 Slay+4
                  | SInv}
 27680 | Elf:3    | Reached skill level 21 in Unarmed Combat
 28554 | Vaults:1 | Entered Level 1 of the Vaults
 28999 | Vaults:1 | Noticed Asterion
 29009 | Vaults:1 | Killed Asterion
 29146 | Vaults:1 | Found Xejap's Jewellery Shoppe.
 29154 | Vaults:1 | Bought the ring "Nuaghemm" {rPois rC++ rN+ Str+2 Int-5
                  | SInv} for 792 gold pieces
 29683 | Vaults:2 | Found Hazun's Antique Weapon Boutique.
 30086 | Vaults:2 | Reached XP level 20. HP: 200/200 MP: 20/20
 30116 | Vaults:2 | Noticed a golden dragon
 30323 | Vaults:2 | Found a staircase to the Crypt.
 30575 | Vaults:2 | Reached skill level 22 in Unarmed Combat
 32136 | Vaults:4 | Found a huge runed gate.
 32136 | Vaults:4 | Found a huge runed gate.
 32136 | Vaults:4 | Found a huge runed gate.
 32136 | Vaults:4 | Found a huge runed gate.
 32136 | Vaults:4 | Found a huge runed gate.
 32136 | Vaults:4 | Found a huge runed gate.
 32136 | Vaults:4 | Found a huge runed gate.
 32137 | Vaults:4 | Found a huge runed gate.
 32137 | Vaults:4 | Found a huge runed gate.
 32137 | Vaults:4 | Found a huge runed gate.
 32145 | Vaults:4 | Found a huge runed gate.
 32145 | Vaults:4 | Found a huge runed gate.
 32145 | Vaults:4 | Found a huge runed gate.
 32145 | Vaults:4 | Found a huge runed gate.
 32145 | Vaults:4 | Found a huge runed gate.
 32145 | Vaults:4 | Found a huge runed gate.
 32146 | Vaults:4 | Found a huge runed gate.
 32147 | Vaults:4 | Found a huge runed gate.
 32148 | Vaults:4 | Found a huge runed gate.
 32156 | Vaults:4 | Found a huge runed gate.
 32156 | Vaults:4 | Found a huge runed gate.
 32156 | Vaults:4 | Found a huge runed gate.
 32156 | Vaults:4 | Found a huge runed gate.
 32156 | Vaults:4 | Found a huge runed gate.
 32156 | Vaults:4 | Found a huge runed gate.
 32157 | Vaults:4 | Found a huge runed gate.
 32158 | Vaults:4 | Found a huge runed gate.
 32159 | Vaults:4 | Found a huge runed gate.
 32167 | Vaults:4 | Found a huge runed gate.
 32167 | Vaults:4 | Found a huge runed gate.
 32167 | Vaults:4 | Found a huge runed gate.
 32167 | Vaults:4 | Found a huge runed gate.
 32167 | Vaults:4 | Found a huge runed gate.
 32167 | Vaults:4 | Found a huge runed gate.
 32168 | Vaults:4 | Found a huge runed gate.
 32169 | Vaults:4 | Found a huge runed gate.
 32334 | Vaults:4 | Identified the quicksilver dragon scales of Ypept {Will+
                  | Dex+4}
 32375 | Vaults:4 | Noticed Sojobo
 32384 | Vaults:4 | Killed Sojobo
 32453 | Vaults:4 | Paralysed by a formless jellyfish for 1 turns
 32706 | Vaults:4 | Reached skill level 23 in Unarmed Combat
 32709 | Vaults:4 | Reached XP level 21. HP: 205/212 MP: 21/21
 33241 | Vaults:5 | Entered Level 5 of the Vaults
 33245 | Vaults:5 | Noticed a dread lich
 33312 | Vaults:5 | Identified the ring "Bairhyot" {rPois Will- Str+8 Dex+6
                  | Stlth+}
 33337 | Vaults:5 | Killed a dread lich
 33355 | Vaults:5 | Noticed an ancient lich
 33364 | Vaults:5 | Killed an ancient lich
 33523 | Vaults:5 | Identified the amulet of Larrov {Regen+ Str+2}
 33752 | Vaults:5 | Identified the +1 long sword of Truth {heavy, *Corrode rF+
                  | Str-3 Dex+7}
 33894 | Vaults:5 | Got a silver rune of Zot
 34007 | Vaults:5 | Noticed an ancient lich
 34016 | Vaults:5 | Killed an ancient lich
 34803 | D:15     | Entered Level 15 of the Dungeon
 34953 | D:15     | Found a staircase to the Depths.
 35007 | Depths:1 | Entered Level 1 of the Depths
 35007 | Depths:1 | Found a gateway to Hell.
 35098 | Depths:2 | Reached skill level 24 in Unarmed Combat
 35125 | Depths:2 | Identified the ring of the Lumpy Ears {Fly Dex+3}
 35216 | Depths:2 | Identified the ring of Xoipsay {Will+ Str+3 Int+6}
 35219 | Depths:2 | Found a transporter.
 35297 | Depths:2 | Found a one-way gate leading to the halls of Pandemonium.
 35316 | Depths:2 | Noticed Nikola
 35329 | Depths:2 | Identified the ring "Wigeumm" {Fire rElec Stlth+}
 35332 | Depths:2 | Killed Nikola
 35354 | Depths:2 | Reached XP level 22. HP: 173/227 MP: 22/22
 35356 | Depths:2 | Found a transporter.
 35461 | Depths:2 | Noticed a caustic shrike
 35475 | Depths:2 | Killed a caustic shrike
 35731 | Depths:4 | Entered Level 4 of the Depths
 35974 | Depths:4 | Found a gate to the Realm of Zot.
 36085 | Zot:1    | Entered Level 1 of the Realm of Zot
 36345 | Zot:5    | Entered Level 5 of the Realm of Zot
 36346 | Zot:5    | Noticed an orb of fire
 36351 | Zot:4    | Gained mutation: You are frail. (-10% HP) [an orb of fire]
 36356 | Zot:4    | Killed an orb of fire
 36380 | Zot:5    | Noticed a golden dragon
 36388 | Zot:5    | Killed a golden dragon
 36420 | Zot:5    | Reached skill level 25 in Unarmed Combat
 36425 | Zot:5    | Noticed a curse toe
 36446 | Zot:5    | Killed a curse toe
 36636 | Zot:5    | Noticed a golden dragon
 36647 | Zot:5    | Killed a golden dragon
 36704 | Zot:5    | Noticed a Killer Klown
 36708 | Zot:5    | Noticed a Killer Klown
 36710 | Zot:5    | Noticed an orb of fire
 36710 | Zot:5    | Noticed a Killer Klown
 36714 | Zot:5    | Killed a Killer Klown
 36716 | Zot:5    | Noticed an orb of fire
 36716 | Zot:5    | Noticed an orb of fire
 36754 | Zot:5    | Got the Orb of Zot
 36756 | Zot:5    | Noticed a Killer Klown
 36767 | Zot:5    | Killed a Killer Klown
 36768 | Zot:5    | Killed an ancient lich
 36786 | Zot:5    | Killed an orb of fire
 36893 | Depths:2 | Noticed Huliagec the pandemonium lord
 37249 | D:$      | Escaped with the Orb!

Illustrated notes

Levels and vault maps discovered:
D:1:      scummos_arrival_star, layout_loops_cross, dk_noncrumbling_4,
          hangedman_decor_slide_cut
D:2:      layout_loops_ring, serial_bayou, serial_bayou_ford_a,
          serial_bayou_shore_a, serial_bayou_lake_a, serial_bayou_crossing,
          serial_bayou_lagoon_a, serial_bayou_lagoon_b, serial_park_tiny_2,
          st_stairs_12
D:3:      layout_basic, amcnicky_mini_pool_small
D:4:      layout_loops_cross, chei_slow_surprise, uniq_pikel
D:5:      layout_gridville, minmay_temple_entry_tees, gammafunk_ghost_arena,
          minmay_a_box_with_orc_wizards_in_it
D:6:      layout_rooms, gammafunk_ghost_grave, uniq_eustachio,
          uniq_prince_ribbit1, uniq_menkaure
D:7:      layout_loops_ring, mainiacjoe_overflow_alcove_4, enter_bailey_5
D:8:      layout_loops_ring, nicolae_overflow_hallway_of_the_gods,
          lightli_ossuary_entry_decrepit_ruins
D:9:      minmay_gate_of_8, layout_loops_ring, nicolae_overflow_hidden_temple,
          erik_lair_orcish_takeover, grunt_livestock,
          nicolae_elevator_lobby_asterisk
D:10:     layout_loops_ring, david_orc_3, minmay_misc_feat_iff,
          nicolae_shop_i_like_small_books_too, roderic_three_in_a_row,
          roadster_trireme, uniq_maggie
D:11:     lemuel_ice_statue, layout_stronghold, grunt_dithmenos_smoke
D:12:     layout_cave_pools, serial_shops, nicolae_shop_trees,
          nicolae_trove_entry_free_sample
D:13:     layout_gridville, david_vaults_4
D:14:     minmay_ambush_box, layout_layer_cave, elyvilon_altar_4
D:15:     grunt_enter_depths_hoard, layout_cave_pools, minmay_misc_feat_plants
Temple:   hellmonk_temple_rainy
Lair:1:   layout_regular_city, portal_ice_cave_entry_imps, basic_altar
Lair:2:   layout_gridlike, mainiacjoe_swamp_entry_lozenge_pond,
          grunt_forest_small_clearings, lemuel_oklob_altar
Lair:3:   layout_loops_ring, guppyfry_snake_entry_garden,
          nzn_masters_of_martial_movement, grunt_megastairs_2, lemuel_fruit_tree
Lair:4:   layout_long_grid, slime_entry_1, basic_altar, wad_woods_road_06,
          st_stairs_12
Lair:5:   minmay_lair_end_frog_pond, layout_regular_city
Swamp:1:  layout_basic_swamp, evilmike_swamp_ruin_house_4
Swamp:2:  layout_basic_swamp, gammafunk_ghost_cemetery,
          nicolae_swamp_triple_paths
Swamp:3:  layout_basic_swamp, evilmike_swamp_ruin_house_2
Swamp:4:  grunt_swamp_rune_castle, layout_basic_swamp,
          gammafunk_ghost_necromancy, nicolae_swamp_nymph_family_reunion
Snake:1:  layout_layer_cave, special_room
Snake:2:  layout_onion_interference, serial_shops, shop
Snake:3:  layout_misc_corridors, serial_shops, nicolae_square_shop, basic_altar
Snake:4:  grunt_snake_rune_spirals, layout_onion, ebering_ghost_disaster_area,
          uniq_aizul
Orc:1:    cheibrodos_orc_guarddog, layout_diamond_mine,
          nicolae_orc_crystal_geode
Orc:2:    st_orc_town, layout_caves, basic_altar, uniq_erolcha
Elf:1:    layout_loops_corners, mu_enter_wizlab_5, minivault_28,
          serial_sigils_hangedman_gut, minmay_shoptagon
Elf:2:    nicolae_elf_blades_splatter_lattice [grunt_blade_entry_basic],
          layout_geoelf_octagon, uniq_roxanne, uniq_jorgrun, uniq_azrael,
          uniq_agnes
Elf:3:    grunt_elf_hall_spiral, layout_loops_corners
Vaults:1: nicolae_vaults_turnstiles, hangedman_vaults_restitches, v_misc_30,
          nicolae_vaults_network_square, vaults_room_grid, grunt_vaults_swirl,
          v_misc_16, nicolae_vaults_trapezoid_2, v_misc_10,
          nicolae_vaults_house_2, ontoclasm_vaults_pinch,
          layout_vaults_omnigrid, serial_shops, shop, uniq_asterion
Vaults:2: vaults_room_corners, blue_anna_dwarven_crypt,
          nicolae_vaults_offset_grid_hallway_3, ontoclasm_vaults_chip,
          hangedman_vaults_variations, nicolae_vaults_big_ls,
          nicolae_vaults_border_crossing, vaults_room_boxed,
          nicolae_vaults_specimen_jars, st_more_cells,
          nicolae_vaults_little_squares_1, nicolae_vaults_tetromino_Z_1,
          layout_vaults_big_room, serial_shops, shop
Vaults:3: hangedman_vaults_cutoff, dpeg_vaults_monster_row, vaults_room_corners,
          grunt_vaults_bifocal, nicolae_vaults_oval_intersection,
          v_alt_pattern_5, nicolae_vaults_network_periphery, v_misc_29,
          nicolae_vaults_trapezoid_2, layout_vaults_big_cross, uniq_margery
Vaults:4: v_pattern_2, nicolae_vaults_storage_closets_2, v_rooms_6,
          vaults_mumra_hex, v_misc_17, vaults_mumra_minichess,
          nicolae_vaults_little_squares_2, nicolae_vaults_puzzle_piece,
          nicolae_vaults_offset_grid_hallway_4, door_vault,
          nicolae_vaults_trapezoid_lopsided_2, nicolae_vaults_trapezoid_2,
          nicolae_vaults_tetromino_L_2, nicolae_vaults_double_plus_1,
          layout_vaults_ring, uniq_sojobo
Vaults:5
Depths:1: layout_gridlike, enter_ziggurat_e, rand_demon_pan_entry_8,
          nicolae_concentric_dashed_squares_wild, hell_entry,
          hellmonk_ghost_happy_afterlife, kennysheep_generic_room_6
Depths:2: hangedman_spin_cycle, pan_entry, hell_entry, uniq_nikola
Depths:3: hangedman_cross_veins, layout_gridlike, abyss_entry, minmay_holes,
          hell_entry
Depths:4: evilmike_zot_entry_basic, layout_cross,
          gammafunk_ghost_berserking_beasts, grunt_mini_vestibule, abyss_entry,
          minmay_shop_star
Zot:1:    minmay_elemental_castle, layout_twisted_circle,
          regret_index_zotdec_barnacled_simple
Zot:2:    layout_onion_interference, regret_index_zotdec_obsidian_hm,
          uniq_parghit
Zot:3:    layout_twisted_circle, regret_index_zotdec_storm_pass
Zot:4:    layout_cathedral_of_symmetry, grunt_megastairs_5, lemuel_elevator
Zot:5:    layout_onion

Skill      XL: |  1  2  3  4  5  6  7  8  9 10 11 12 13 14 15 16 17 18 19 20 21 22 |
---------------+-------------------------------------------------------------------+-----
Unarmed Combat | 2 3 4 5 6 7 9 11 13 15 17 18 20 21 23 24 25 | 25.3
Shields        | 4 7 10 12 15 | 15.0
Fighting       | 3 4 6 8 9 11 13 15 17 19 21 22 | 22.2
Armour         | 8 11 16 17 | 17.1

Action                     |  1- 3 |  4- 6 |  7- 9 | 10-12 | 13-15 | 16-18 | 19-21 | 22-24 || total
---------------------------+-------+-------+-------+-------+-------+-------+-------+-------++-------
  Melee: Unarmed           |   121 |   197 |   357 |   792 |   309 |  1612 |  1424 |   401 ||  5213
         Tailslap          |    11 |    24 |    46 |    91 |    63 |   248 |   285 |    85 ||   853
         Kick              |       |       |       |   194 |   120 |   526 |   585 |   178 ||  1603
         Peck              |       |       |       |   108 |    78 |   365 |   362 |   117 ||  1030
  Throw: Dart              |       |     1 |       |     4 |       |       |       |       ||     5
 Invoke: Call Merchant     |       |       |       |     2 |       |     2 |       |       ||     4
         Bribe Branch      |       |       |       |       |       |       |     2 |     2 ||     4
  Evoke: Wand              |     3 |    11 |     5 |       |       |     1 |     1 |     5 ||    26
         Tin of tremorston |       |       |       |       |       |     4 |     3 |       ||     7
         Sack of spiders   |       |       |       |       |       |     1 |       |       ||     1
         Phantom mirror    |       |       |       |       |       |     1 |       |       ||     1
    Use: Potion            |       |     1 |     2 |     5 |     3 |     2 |    10 |     4 ||    27
         Scroll            |       |       |    12 |     9 |     4 |    17 |     7 |    10 ||    59
   Stab: Distracted        |       |       |       |     3 |     2 |     8 |     9 |     1 ||    23
         Confused          |       |       |       |       |       |     2 |       |       ||     2
         Invisible         |       |       |       |       |       |       |     2 |       ||     2
         Paralysed         |       |       |       |       |       |       |     1 |       ||     1
 Armour: Scale mail        |    63 |    74 |       |   497 |   208 |   140 |       |       ||   982
         Leather armour    |       |    49 |   162 |    92 |       |       |       |       ||   303
         Skin              |       |       |       |    19 |       |       |       |       ||    19
         Plate armour      |       |       |       |       |       |  1271 |  1003 |   329 ||  2603
  Dodge: Dodged            |    52 |   106 |   132 |   209 |    28 |   164 |   155 |    37 ||   883
  Block: Buckler           |    18 |    41 |    40 |    45 |       |       |       |       ||   144
         Kite shield       |       |       |       |   181 |   102 |   880 |   703 |   237 ||  2103

Table legend: (Time is in decaauts)
 A = Elapsed time spent in this place.
 B = Non-inter-level travel time spent in this place.
 C = Inter-level travel time spent in this place.
 D = Time resting spent in this place.
 E = Time spent auto-exploring this place.
 F = Levels seen in this place.
 G = Mean time per level.
                   A        B        C        D        E       F      G
               +--------+--------+--------+--------+--------+-----+--------+
         Total |  35863 |  32596 |   3267 |    885 |  24106 |  51 |  703.2 |
       Dungeon |  13681 |  12449 |   1232 |    536 |   9774 |  15 |  912.1 |
        Temple |     19 |      1 |     18 |      0 |      0 |   1 |   19.0 |
          Lair |   4044 |   3613 |    431 |    112 |   2543 |   5 |  808.8 |
         Swamp |   2390 |   2207 |    183 |     73 |   1574 |   4 |  597.5 |
     Snake Pit |   4181 |   3927 |    254 |     80 |   2864 |   4 | 1045.2 |
  Orcish Mines |   1575 |   1339 |    236 |      0 |   1032 |   2 |  787.5 |
   Elven Halls |   2048 |   1906 |    142 |     10 |   1383 |   3 |  682.7 |
        Vaults |   5614 |   5306 |    308 |      0 |   4187 |   5 | 1122.8 |
        Depths |    996 |    761 |    235 |      3 |    314 |   4 |  249.0 |
           Zot |    714 |    488 |    226 |     69 |    155 |   5 |  142.8 |
         Trove |     50 |     50 |      0 |      0 |     15 |   1 |   50.0 |
       Ossuary |    345 |    345 |      0 |      0 |    180 |   1 |  345.0 |
      Ice Cave |    199 |    199 |      0 |      0 |     85 |   1 |  199.0 |
               +--------+--------+--------+--------+--------+-----+--------+

Top non-repeatable levels by time:
     D:9: 1805 daAuts
    D:13: 1457 daAuts
 Snake:4: 1415 daAuts
    D:10: 1375 daAuts
Vaults:2: 1242 daAuts
    D:11: 1169 daAuts
 Snake:1: 1142 daAuts
Vaults:5: 1123 daAuts
Vaults:3: 1118 daAuts
Vaults:4: 1093 daAuts
     D:8: 1074 daAuts
Vaults:1: 1037 daAuts
   Elf:3: 984 daAuts
   Orc:2: 940 daAuts
     D:5: 908 daAuts
